 Dungeon Crawl Stone Soup version 0.27-a0-633-gc6addc0a40 (webtiles) character file.

Game seed: 18219886032252987784

4092 shoop the Fighter (level 10, -1/110 HPs)
             Began as an Ogre Gladiator on Mar 14, 2021.
             Was an Initiate of Okawaru.
             Slain by a cane toad (14 damage)
             ... on level 1 of the Lair of Beasts.
             The game lasted 00:29:18 (11894 turns).

shoop the Fighter (Ogre Gladiator)                 Turns: 11894, Time: 00:29:19

Health: -1/110     AC:  4    Str: 23    XL:     10   Next: 26%
Magic:  10/10      EV: 10    Int:  9    God:    Okawaru [......]
Gold:   489        SH:  0    Dex: 10    Spells: 9/9 levels left

rFire    . . .     SeeInvis .   F - +0 war axe (elec)
rCold    . . .     Faith    .   (no shield)
rNeg     . . .     Spirit   .   b - +0 robe
rPois    .         Reflect  .   c - +0 hat
rElec    .         Harm     .   h - +0 cloak
rCorr    .         Rampage  .   (gloves unavailable)
Will     +....                  (boots unavailable)
Stlth    +.........             (no amulet)
HPRegen  0.28/turn              (no ring)
MPRegen  0.12/turn              (no ring)

@: no status effects
A: large, unfitting armour, tough skin 1
a: Renounce Religion


You were on level 1 of the Lair of Beasts.
You worshipped Okawaru.
Okawaru was noncommittal.
You visited 3 branches of the dungeon, and saw 10 of its levels.
You also visited: Sewer.

You collected 489 gold pieces.

Inventory:

Hand Weapons
 a - a +0 flail
 v - a +1 vorpal flail
 D - a +0 vorpal quarterstaff
 F - a +0 war axe of electrocution (weapon)
Missiles
 d - 2 throwing nets
 j - 32 poisoned darts (quivered)
 l - 3 boomerangs
 w - 5 large rocks
 H - a curare-tipped dart
Armour
 b - a +0 robe (worn)
 c - a +0 hat (worn)
 h - a +0 cloak (worn)
Wands
 x - a wand of digging (4)
Scrolls
 f - 12 scrolls of teleportation
 i - 2 scrolls of fear {unknown}
 k - 10 scrolls of identify {unknown}
 n - 2 scrolls of immolation {unknown}
 o - a scroll of blinking {unknown}
 p - 2 scrolls of enchant armour {unknown}
 r - a scroll of magic mapping {unknown}
 u - a scroll of noise {unknown}
 y - 4 scrolls of fog {unknown}
 B - a scroll of silence {unknown}
 E - a scroll of amnesia {unknown}
Potions
 e - 3 potions of mutation
 g - a potion of might {unknown}
 m - a potion of attraction
 q - a potion of curing
 s - a potion of brilliance {unknown}
 t - 2 potions of heal wounds
 z - a potion of resistance {unknown}
 A - a potion of haste {unknown}
 C - 2 potions of flight
 G - a potion of degeneration {unknown}


   Skills:
 + Level 9.9 Fighting
 * Level 9.9 Maces & Flails
 + Level 7.5 Throwing
 - Level 2.6 Dodging


You had 9 spell levels left.
You didn't know any spells.
Your spell library contained the following spells:

 Spells                   Type           Power      Damage    Failure   Level
 Poisonous Vapours        Pois/Air       0%         N/A       52%         2
 Conjure Flame            Conj/Fire      0%         6-21      77%         3
 Mephitic Cloud           Conj/Pois/Air  0%         N/A       77%         3
 Freezing Cloud           Conj/Ice/Air   0%         6-21      100%        6


Dungeon Overview and Level Annotations

Branches:
Dungeon (8/15)             Temple (1/1) D:6            Lair (1/6) D:8
  Sewer (visited)

Altars:
Ashenzari
Cheibriados
Elyvilon
Fedhas
Gozag
Hepliaklqana
Kikubaaqudgha
Makhleb
Nemelex Xobeh
Okawaru
Qazlal
Ru
Sif Muna
Trog
Uskayaw
Vehumet
Wu Jian
Xom
Yredelemnul
Zin
The Shining One

Shops:
D:6 *

Annotations:
D:5 2 runed translucent doors, Pikel; gressup's ghost, amateur GnWz


Innate Abilities, Weirdness & Mutations

You are too large for most types of armour.
You have tough skin. (AC +1)


Message History

You kill the basilisk!
Okawaru accepts your kill.
Unknown command.
No target in view!
HP restored.
A cane toad comes into view.
The helpless cane toad fails to defend itself.
You hit the cane toad.
Lightning courses through the cane toad!
The cane toad is heavily wounded.
The cane toad stings you!
You are poisoned.
The cane toad poisons you!
You hit the cane toad but do no damage.
The cane toad is heavily wounded.
You feel sick. The cane toad stings you! The cane toad closely misses you.
You barely miss the cane toad.
The cane toad is heavily wounded.
You feel sick. The cane toad stings you!!
You are more poisoned.
The cane toad poisons you!
You hit the cane toad.
The cane toad is heavily wounded.
You feel very sick. The cane toad stings you!!
The cane toad closely misses you.
Unknown command.
You hit the cane toad but do no damage.
Lightning courses through the cane toad!
The cane toad is almost dead.
You feel very sick. The cane toad stings you!!
* * * LOW HITPOINT WARNING * * *
You are lethally poisoned!
The cane toad poisons you!
You feel better. The cane toad stings you!
* * * LOW HITPOINT WARNING * * *
You barely miss the cane toad.
The cane toad is severely wounded.
The cane toad barely misses you. The cane toad stings you!
You die...

.#....#
#......
.......
#......##
........####
...........#
...........#
.......@...##
#.....F#....#
.......#....#
##....P#....#
#..........##
#......^....P#
............##
.............#
....###...##


You could see a cane toad.

Vanquished Creatures
  A phantasmal warrior (D:7)
  An ugly thing (D:7)
  A basilisk (Lair:1)
  Edmund (D:5)
  2 ice beasts (D:7)
  A sky beast (D:3)
  A hornet zombie (D:8)
  2 orc warriors (D:7)
  Purgy (Sewer)
  3 ogres
  2 phantoms
  3 centaurs
  A bullfrog (D:6)
  A kobold brigand (D:8)
  The ghost of porpoise the Skirmisher, a weakling MiDe (D:4)
  8 killer bees
  2 jellies
  2 howler monkeys
  A quasit (D:8)
  A bullfrog zombie (D:6)
  7 hounds
  3 orc priests
  Jessica (D:2)
  A bullfrog skeleton (D:4)
  A centaur skeleton (D:7)
  3 iguanas
  3 orc wizards
  7 worker ants
  2 hound zombies (D:6)
  A hound skeleton (D:5)
  6 adders
  A river rat (D:6)
  A shadow imp (D:4)
  A white imp (D:6)
  An ufetubus (D:7)
  4 oozes
  3 worms
  A dart slug (D:2)
  7 leopard geckos
  23 orcs
  6 ball pythons
  A giant cockroach (D:2)
  7 goblins
  4 hobgoblins
  9 jackals
  3 quokkas
  6 bats
  5 frilled lizards
  A jackal skeleton (D:4)
  14 kobolds
  2 leopard gecko zombies (D:5)
  12 rats
183 creatures vanquished.

Vanquished Creatures (others)
  A fungus (Lair:1)
1 creature vanquished.

Grand Total: 184 creatures vanquished

Notes
Turn   | Place    | Note
-------+----------+-------------------------------------------
     0 | D:1      | shoop the Ogre Gladiator began the quest for the Orb.
     0 | D:1      | Reached XP level 1. HP: 22/22 MP: 1/1
   230 | D:1      | Reached XP level 2. HP: 26/31 MP: 2/2
   589 | D:1      | Reached XP level 3. HP: 36/37 MP: 3/3
  1051 | D:2      | Gained mutation: You tend to lose your temper in combat.
                  | [potion of mutation]
  1051 | D:2      | Lost mutation: You tend to lose your temper in combat.
                  | [potion of mutation]
  1400 | D:2      | Reached XP level 4. HP: 45/45 MP: 4/4
  1708 | D:2      | Noticed Jessica
  1720 | D:2      | Killed Jessica
  2174 | D:3      | Found a stormy altar of Qazlal.
  2200 | D:3      | Noticed a sky beast
  2474 | D:3      | Killed a sky beast
  2475 | D:3      | Reached XP level 5. HP: 55/55 MP: 5/5
  2742 | D:3      | Reached XP level 6. HP: 54/63 MP: 6/6
  3022 | D:4      | Found a runed translucent gate.
  3022 | D:4      | Found a runed translucent gate.
  3022 | D:4      | Found a runed translucent gate.
  3023 | D:4      | Noticed porpoise's ghost (weakling MiDe)
  3075 | D:4      | Found a blossoming altar of Fedhas.
  3117 | D:4      | HP: 2/63 [ogre/+0 giant club (26)]
  3151 | D:4      | Reached skill level 5 in Fighting
  3151 | D:4      | Reached skill level 5 in Maces & Flails
  3795 | D:4      | Reached XP level 7. HP: 72/72 MP: 7/7
  4417 | D:5      | Entered Level 5 of the Dungeon
  4689 | D:5      | Noticed Edmund
  4751 | D:5      | Killed Edmund
  5464 | D:5      | Noticed Pikel
  5528 | D:4      | Killed porpoise's ghost
  5529 | D:4      | Reached XP level 8. HP: 38/83 MP: 8/8
  5999 | D:5      | Found a runed translucent door.
  6072 | D:5      | Found a runed translucent door.
  6073 | D:5      | Noticed gressup's ghost (amateur GnWz)
  6449 | D:6      | Found a hide-covered altar of Uskayaw.
  6555 | D:6      | Reached skill level 5 in Throwing
  6585 | D:6      | Found Wuotirph's General Store.
  6641 | D:6      | Found a staircase to the Ecumenical Temple.
  6857 | D:6      | Found a glowing drain.
  7016 | Sewer    | Entered a sewer
  7086 | Sewer    | Noticed Purgy
  7119 | Sewer    | Killed Purgy
  7676 | D:7      | Reached XP level 9. HP: 94/94 MP: 9/9
  7869 | Temple   | Entered the Ecumenical Temple
  9115 | D:7      | Noticed a purple ugly thing
  9126 | D:7      | Killed a purple ugly thing
  9694 | D:7      | Found a broken altar of Ashenzari.
  9696 | D:7      | Found a burning altar of Makhleb.
  9696 | D:7      | Found an ornate altar of the Wu Jian Council.
  9696 | D:7      | Found a hazy altar of Hepliaklqana.
  9703 | D:7      | Found a basalt altar of Yredelemnul.
  9706 | D:7      | Found a shimmering altar of Xom.
 10251 | D:8      | Noticed a death knight
 10258 | D:8      | Noticed a phantasmal warrior
 10258 | D:8      | Noticed a freezing wraith
 10517 | D:7      | Killed a phantasmal warrior
 10518 | D:7      | Reached XP level 10. HP: 59/107 MP: 10/10
 11724 | D:8      | Found a staircase to the Lair.
 11730 | D:8      | Found an iron altar of Okawaru.
 11738 | D:8      | Became a worshipper of Warmaster Okawaru
 11755 | Lair:1   | Entered Level 1 of the Lair of Beasts
 11879 | Lair:1   | Noticed a cane toad
 11894 | Lair:1   | Slain by a cane toad

Illustrated notes

Levels and vault maps discovered:
D:1:      dpeg_arrival_subterranean_lakeside_camping, layout_basic
D:2:      layout_basic, minmay_misc_feat_x, uniq_jessica
D:3:      layout_rooms, overflow_temple_1_default
D:4:      layout_cave_pods, fedhas_ov_isle_minmay, ebering_ghost_rock_garden
D:5:      layout_gridville, ebering_ghost_sewer_f, uniq_edmund, uniq_pikel
D:6:      layout_cave_pools, eat_drink_and_be_merry_uskayaw,
          minmay_temple_entry_mist, portal_sewer_entry_e, serial_shops,
          shop_statue
D:7:      layout_loops_cross, minmay_overflow_temple_hex, minmay_three_doors
D:8:      layout_rooms, kennysheep_mini, lair_entry_dummy
Temple:   jpeg_temple_clearing
Lair:1:   layout_gridlike, grunt_megastairs_2

Skill      XL: |  1  2  3  4  5  6  7  8  9 |
---------------+----------------------------+-----
Fighting       | 3 4 5 6 7 9 |  9.9
Maces & Flails | 3 4 5 6 7 9 |  9.9
Throwing       | 3 4 5 7 |  7.5
Dodging        | |  2.6

Action                   |  1- 3 |  4- 6 |  7- 9 | 10-12 || total
-------------------------+-------+-------+-------+-------++-------
Melee: Flail             |   104 |   114 |   243 |       ||   461
       War axe           |       |       |    36 |    69 ||   105
Throw: Dart              |       |    30 |   122 |    13 ||   165
       Throwing net      |       |     1 |       |       ||     1
  Use: Potion            |     2 |       |     6 |     1 ||     9
       Scroll            |       |     1 |       |       ||     1
 Stab: Sleeping          |       |       |       |     1 ||     1
Armor: Robe              |    34 |    30 |    65 |    15 ||   144
Dodge: Dodged            |    54 |    70 |   170 |    46 ||   340

Table legend: (Time is in decaauts)
 A = Elapsed time spent in this place.
 B = Non-inter-level travel time spent in this place.
 C = Inter-level travel time spent in this place.
 D = Time resting spent in this place.
 E = Time spent auto-exploring this place.
 F = Levels seen in this place.
 G = Mean time per level.
                   A        B        C        D        E       F      G
               +--------+--------+--------+--------+--------+-----+--------+
         Total |  11980 |  11503 |    477 |   2382 |   6987 |  11 | 1089.1 |
       Dungeon |  11528 |  11069 |    459 |   2379 |   6710 |   8 | 1441.0 |
        Temple |    142 |    124 |     18 |      0 |    124 |   1 |  142.0 |
          Lair |    141 |    141 |      0 |      3 |    100 |   1 |  141.0 |
         Sewer |    167 |    167 |      0 |      0 |     53 |   1 |  167.0 |
               +--------+--------+--------+--------+--------+-----+--------+

Top non-repeatable levels by time:
     D:7: 3027 daAuts
     D:4: 1851 daAuts
     D:5: 1655 daAuts
     D:2: 1136 daAuts
     D:3: 1046 daAuts
     D:8: 1044 daAuts
     D:6: 962 daAuts
     D:1: 805 daAuts
   Sewer: 167 daAuts
  Temple: 142 daAuts
  Lair:1: 141 daAuts
